 Dungeon Crawl Stone Soup version 0.31.0-9-g3a7656b989 (webtiles) character file.

Game seed: 4942316902250189729

42 qw the Shooter (level 3, -5/20 HPs)
             Began as a Deep Elf Hunter on Feb 2, 2024.
             Slain by an ogre
             ... wielding a +0 giant club
              (25 damage)
             ... on level 3 of the Dungeon.
             The game lasted 00:00:04 (1655 turns).

qw the Shooter (Deep Elf Hunter)                    Turns: 1655, Time: 00:00:04

Health: -5/20      AC:  3    Str: 10    XL:     3   Next: 35%
Magic:  0/5        EV: 12    Int: 13    God:
Gold:   210        SH:  0    Dex: 18    Spells: 2/2 levels left

rFire   . . .        a - +0 shortbow
rCold   . . .        (shield currently unavailable)
rNeg    . . .        c - +0 leather armour
rPois   .            (no helmet)
rElec   .            (no cloak)
rCorr   .            (no gloves)
SInv    .            (no boots)
Will    .....        e - amulet of guardian spirit
Stlth   ++           (no ring)
HPRegen 0.23/turn    (no ring)
MPRegen 0.09/turn

%: guardian spirit
@: no status effects
A: no striking features
a: no special abilities


You were on level 3 of the Dungeon.
You visited 1 branch of the dungeon, and saw 3 of its levels.

You collected 210 gold pieces.


   Skills:
 - Level 1.5 Fighting
 + Level 6.9 Ranged Weapons
 - Level 2.4 Dodging
 - Level 1.2 Stealth


You had 2 spell levels left.
You didn't know any spells.
Your spell library was empty.

Inventory:

Hand Weapons
 a - a +0 shortbow (weapon)
Armour
 c - a +0 leather armour (worn)
Jewellery
 e - an amulet of guardian spirit (around neck)
Potions
 f - a potion of curing
 g - a potion of heal wounds
 j - a potion of mutation {unknown}
 k - a potion of degeneration {unknown}
 l - a potion of might {unknown}

Dungeon Overview and Level Annotations

Branches:
Dungeon (3/15)

Altars:
Hepliaklqana


Message History

Done exploring.
1556 ||| DROPPING potion of invisibility.
You drop a potion of invisibility.
Done exploring.
What level of the Dungeon? (default 2, ? - help)
There is a stone staircase leading down here.
You climb downwards.
There is a stone staircase leading up here.
Waypoint 2 assigned to D:3.
There is a shaft here.
A frilled lizard comes into view.
You shoot an arrow. The arrow hits the frilled lizard.
You kill the frilled lizard!
A hobgoblin comes into view.
You shoot an arrow.
The arrow completely misses the hobgoblin.
You shoot an arrow. The arrow closely misses the hobgoblin.
You shoot an arrow. The arrow hits the hobgoblin.
The hobgoblin is moderately wounded.
You shoot an arrow.
The arrow completely misses the hobgoblin.
You shoot an arrow. The arrow hits the hobgoblin.
You kill the hobgoblin!
You see here a hobgoblin corpse.
You see here a frilled lizard corpse.
You now have 192 gold pieces (gained 13).
Found a hazy altar of Hepliaklqana.
Found a stone staircase leading down.
You now have 210 gold pieces (gained 18).
An ogre comes into view. It is wielding a +0 giant club.
Found a robe.
You shoot an arrow.
The arrow hits the ogre but does no damage.
You shoot an arrow. The arrow hits the ogre!
The ogre is moderately wounded.
The ogre misses you.
You shoot an arrow. The arrow barely misses the ogre.
The ogre hits you with a +0 giant club!!
Ouch! That really hurt!
You die...

..# ..# ..#
##.# #...
...#..#######
._.#.>O.[....
...#.@#
#.###.#
#ยค#...#
#.##..#####
#.##......#
##.##.####.#
#..........#
#.###.######
#.# #...


You could see an ogre.

Vanquished Creatures
  A dart slug (D:2)
  A ribbon worm (D:2)
  2 ball pythons
  4 bats
  2 endoplasms (D:1)
  3 goblins
  2 hobgoblins
  9 jackals
  2 kobolds (D:1)
  2 quokkas (D:1)
  3 frilled lizards
  A rat (D:1)
32 creatures vanquished.

Notes
Turn   | Place    | Note
-------+----------+-------------------------------------------
     0 | D:1      | qw the Deep Elf Hunter began the quest for the Orb.
     0 | D:1      | Reached XP level 1. HP: 12/12 MP: 3/3
     0 | D:1      | 0 ||| qw: Version: 0.3-a-155-g5e7d8dd
     0 | D:1      | 0 ||| qw: Game counter: 819
     0 | D:1      | 0 ||| qw: Melee chars always use a shield: true
     0 | D:1      | 0 ||| qw: God list: Okawaru
     0 | D:1      | 0 ||| qw: Allow faded altars: false
     0 | D:1      | 0 ||| qw: Do Orc after clearing Dungeon:15 true
     0 | D:1      | 0 ||| qw: Do second Lair branch before Depths: true
     0 | D:1      | 0 ||| qw: Lair rune preference: random
     0 | D:1      | 0 ||| qw: Goals: Normal
     0 | D:1      | 0 ||| PLANNING D:1-11
   231 | D:1      | Reached XP level 2. HP: 16/16 MP: 4/4
   232 | D:1      | Reached skill level 6 in Ranged Weapons
   772 | D:1      | Found a faded altar of an unknown god.
   939 | D:1      | 939 ||| UPGRADING to amulet of guardian spirit.
   944 | D:1      | 944 ||| READING scroll labelled NAVAEZ ZEGIR.
   944 | D:1      | 944 ||| IDENTIFYING purple potion
   945 | D:1      | 945 ||| READING scroll labelled MIWO QETTOCS.
   946 | D:1      | 946 ||| READING scroll labelled POTA BYMU VOKLO.
   947 | D:1      | 947 ||| DRINKING 2 black potions.
   948 | D:1      | 948 ||| DROPPING scroll of butterflies.
  1112 | D:2      | Reached XP level 3. HP: 20/20 MP: 5/5
  1450 | D:2      | 1450 ||| READING scroll of identify.
  1450 | D:2      | 1450 ||| IDENTIFYING bubbling red potion
  1451 | D:2      | 1451 ||| READING scroll labelled WOELUV UNITA.
  1552 | D:2      | 1552 ||| READING scroll labelled TOATUF COLEOS.
  1556 | D:2      | 1556 ||| DROPPING potion of invisibility.
  1639 | D:3      | Found a hazy altar of Hepliaklqana.
  1652 | D:3      | Noticed an ogre
  1655 | D:3      | Slain by an ogre

Levels and vault maps discovered:
D:1:      elethiomel_arrival_maze, layout_loops_ring,
          shapermc_ecumenical_altar_mp_urbaneastern
D:2:      layout_rooms, minmay_misc_feat_five, corexii_hall_statues_x
D:3:      layout_basic, nzn_hepliaklqana_mist_gate,
          kennysheep_decorative_pillar, serial_bayou_lake_a, uniq_terence

Skill      XL: |  1  2 |
---------------+-------+-----
Ranged Weapons | 6 |  6.9
Fighting       | |  1.5
Dodging        | |  2.4
Stealth        | |  1.2

Action                     || total
---------------------------++-------
   Fire: Shortbow          ||   105
    Use: Scroll            ||     6
         Potion            ||     1
 Armour: Leather armour    ||    31
  Dodge: Dodged            ||    45

Table legend:
 A = Non-vault XP
 B = Vault XP
 C = Vault XP percentage of total XP
 D = Non-vault monster count
 E = Vault monster count
 F = Vault count percentage of total count
                 A         B        C        D         E       F
            +---------+---------+-------+---------+---------+-------
      Total |      61 |       0 |   0.0 |      32 |       0 |   0.0
            +---------+---------+-------+---------+---------+-------
        D:1 |      33 |       0 |   0.0 |      19 |       0 |   0.0
        D:2 |      25 |       0 |   0.0 |      11 |       0 |   0.0
        D:3 |       3 |       0 |   0.0 |       2 |       0 |   0.0
            +---------+---------+-------+---------+---------+-------
